 Dungeon Sprint DCSS version 0.28.0-43-g3370ac3207 (webtiles) character file.

Game seed: 5154830560190816126

1276 boopmooplesden the Severer (level 8, -5/129 HPs)
             Began as a Minotaur Berserker on Mar 15, 2022.
             Was an Elder of Trog.
             Shot with an arrow by a centaur warrior (28 damage)
             ... in the Dungeon (Sprint I: "Red Sonja").
             The game lasted 00:01:23 (934 turns).

boopmooplesden the Severer (Minotaur Berserker)      Turns: 934, Time: 00:01:25

Health: -5/129     AC:  6    Str: 21    XL:     8   Next: 28%
Magic:  7/7        EV: 14    Int:  4    God:    Trog [****..]
Gold:   372        SH:  0    Dex: 13    Spells: 7/7 levels left

rFire   . . .      SeeInvis .   a - +0 hand axe
rCold   . . .      Faith    .   (no shield)
rNeg    . . .      Spirit   .   j - +2 leather armour {rPois}
rPois   +          Reflect  .   (helmet restricted)
rElec   .          Harm     .   (no cloak)
rCorr   .          Rampage  .   (no gloves)
Will    .....      NoTele   +   (no boots)
Stlth   ..........              (no amulet)
HPRegen 0.31/turn               (no ring)
MPRegen 0.10/turn               (no ring)

@: berserking, slow
A: horns 2, retaliatory headbutt
a: Renounce Religion, Berserk, Trog's Hand, Brothers in Arms


You were in the Dungeon.
You worshipped Trog.
Trog was greatly pleased with you.
You visited 1 branch You collected 405 gold pieces.
You spent 33 gold pieces at shops.

Inventory:

Hand Weapons
 a - a +0 hand axe (weapon)
Missiles
 k - a throwing net (quivered)
Armour
 b - a +0 animal skin
 j - a +2 leather armour of poison resistance (worn)
Wands
 i - a wand of iceblast (8)
Scrolls
 h - a scroll of blinking
Potions
 c - a potion of curing
 d - a potion of heal wounds
 e - a potion of haste
 f - 2 potions of magic
 g - a potion of berserk rage


   Skills:
 + Level 13.2 Fighting
 + Level 15.2 Axes
 + Level 8.0 Armour
 + Level 5.8 Dodging


You had 7 spell levels left.
You didn't know any spells.
Your spell library was empty.

Dungeon Overview and Level Annotations

Branches:
Dungeon (1/1)

Altars:
Cheibriados
Dithmenos
Elyvilon
Fedhas
Gozag
Hepliaklqana
Kikubaaqudgha
Makhleb
Nemelex Xobeh
Okawaru
Qazlal
Ru
Sif Muna
Trog
Uskayaw
Vehumet
Wu Jian
Xom
Yredelemnul
Zin
The Shining One
Jiyva
Lugonu

Shops:
D (


Innate Abilities, Weirdness & Mutations

You have a pair of horns on your head.
You reflexively headbutt those who attack you in melee.


Message History

You slash the yak! You headbutt the yak.
You kill the yak!
Trog accepts your kill.
You can now call in reinforcements.
Your Fighting skill increases to level 13!
Your Axes skill increases to level 15!
Your Armour skill increases to level 8!
Found a sparkling altar of Nemelex Xobeh.
You see here a yak corpse.
There is an entrance to Vuet's Weapon Emporium here.
k - a throwing net Thank you for shopping at Vuet's Weapon Emporium!
You see here a yak corpse.
There is an open door here.
There is a shimmering blue altar of Sif Muna here.
You start resting.
HP restored.
You open the door.
A centaur warrior comes into view.
The centaur warrior moves out of view.
There is an open door here.
You enter the shallow water.
Moving in this stuff is going to be slow.
A centaur warrior comes into view.
Found a scroll labelled TEHIRR DOEFIG.
The centaur warrior moves out of view.
Found a scroll labelled ZUT CYBURRO.
The centaur warrior shouts! x2
The centaur warrior wields a +0 shortbow.
The centaur warrior shoots an arrow.
The arrow hits you!!
The centaur warrior wields a +0 longbow.
The centaur warrior shoots an arrow.
The arrow hits you!
The centaur warrior shoots an arrow.
The arrow completely misses you.
The centaur warrior shoots an arrow.
The arrow hits you!
The centaur warrior shoots an arrow.
The arrow hits you!
A red film seems to cover your vision as you go berserk!
You feel yourself moving faster!
You feel mighty!
The centaur warrior shoots an arrow.
The arrow hits you!
* * * LOW HITPOINT WARNING * * *
The centaur warrior shoots an arrow.
The arrow hits you!
* * * LOW HITPOINT WARNING * * *
The centaur warrior shoots an arrow.
The arrow hits you!!
You die...

########################
.#.)').#..'..#__#..')..#
.'..#..').#..'..'..#...#
.#####'#####'#__####...+
.####..#...#)####§§#####
.#__####..##§#≈§§§c#
.#_____##'#_.§§§@§§+
⌠#_.∩..†'...§#≈§§§c#
##_..__##_.#'##+####
#_____###+#.# #######
###


You could see 2 centaur warriors.

Vanquished Creatures
  2 kobold demonologists (D)
  A slime creature (D)
  Sigmund (D)
  A yak (D)
  A floating eye (D)
  An ogre (D)
  A jelly (D)
  Ijyb (D)
9 creatures vanquished.

Notes
Turn   | Place    | Note
-------+----------+-------------------------------------------
     0 | D        | boopmooplesden the Minotaur Berserker began the quest for
                  | the Orb.
     0 | D        | Reached XP level 1. HP: 19/19 MP: 0/0
     3 | D        | Noticed Ijyb
    10 | D        | Killed Ijyb
    11 | D        | Reached skill level 5 in Fighting
    11 | D        | Reached skill level 5 in Axes
    11 | D        | Reached XP level 2. HP: 25/29 MP: 1/1
   231 | D        | Noticed an ogre
   236 | D        | Killed an ogre
   237 | D        | Reached skill level 8 in Axes
   237 | D        | Reached XP level 3. HP: 22/39 MP: 2/2
   237 | D        | Reached XP level 4. HP: 27/47 MP: 3/3
   522 | D        | Noticed Sigmund
   527 | D        | Killed Sigmund
   527 | D        | Reached ** piety under Trog
   528 | D        | Reached skill level 10 in Axes
   528 | D        | Reached skill level 5 in Armour
   528 | D        | Reached XP level 5. HP: 57/57 MP: 4/4
   528 | D        | Reached XP level 6. HP: 64/64 MP: 5/5
   660 | D        | Found a burning altar of Makhleb.
   660 | D        | Found a viscous altar of Jiyva.
   660 | D        | Found a shimmering altar of Xom.
   660 | D        | Found a corrupted altar of Lugonu.
   660 | D        | Noticed a slime creature
   669 | D        | Killed a slime creature
   670 | D        | Reached skill level 10 in Fighting
   670 | D        | Reached skill level 12 in Axes
   670 | D        | Reached skill level 5 in Dodging
   713 | D        | Noticed a kobold demonologist
   713 | D        | Noticed a floating eye
   715 | D        | Noticed a kobold demonologist
   717 | D        | Noticed a soul eater
   718 | D        | Killed a floating eye
   719 | D        | Reached XP level 7. HP: 74/74 MP: 6/6
   726 | D        | Killed a kobold demonologist
   726 | D        | Reached *** piety under Trog
   727 | D        | Reached skill level 14 in Axes
   729 | D        | Noticed a chaos spawn
   732 | D        | Noticed an ice devil
   735 | D        | Killed a kobold demonologist
   736 | D        | Reached XP level 8. HP: 85/85 MP: 7/7
   773 | D        | Found an ornate altar of the Wu Jian Council.
   773 | D        | Found a shimmering blue altar of Sif Muna.
   775 | D        | Found a radiant altar of Vehumet.
   851 | D        | Found Vuet's Weapon Emporium.
   851 | D        | Found an ancient bone altar of Kikubaaqudgha.
   851 | D        | Found a hazy altar of Hepliaklqana.
   851 | D        | Found a hide-covered altar of Uskayaw.
   851 | D        | Found a basalt altar of Yredelemnul.
   851 | D        | Found an opulent altar of Gozag.
   851 | D        | Found a snail-covered altar of Cheibriados.
   851 | D        | Found a sacrificial altar of Ru.
   851 | D        | Found a shadowy altar of Dithmenos.
   852 | D        | Found a stormy altar of Qazlal.
   852 | D        | Found a blossoming altar of Fedhas.
   852 | D        | Found a bloodstained altar of Trog.
   852 | D        | Found an iron altar of Okawaru.
   852 | D        | Found a glowing golden altar of the Shining One.
   852 | D        | Found a glowing silver altar of Zin.
   852 | D        | Found a white marble altar of Elyvilon.
   858 | D        | Reached **** piety under Trog
   859 | D        | Reached skill level 15 in Axes
   859 | D        | Found a sparkling altar of Nemelex Xobeh.
   863 | D        | Bought a throwing net for 33 gold pieces
   929 | D        | Noticed a centaur warrior
   931 | D        | Noticed a centaur warrior
   934 | D        | Shot with an arrow by a centaur warrior

Illustrated notes

Levels and vault maps discovered:
D:        dungeon_sprint_1 [red_sonja_temple_1, red_sonja_temple_small_1]

Skill      XL: |  1  2  3  4  5  6  7  8 |
---------------+-------------------------+-----
Fighting       | 5 7 9 11 12 13 | 13.2
Axes           | 5 8 10 12 14 15 | 15.2
Armour         | 3 4 5 6 7 8 |  8.0
Dodging        | 3 4 5 |  5.8

Action                   |  1- 3 |  4- 6 |  7- 9 || total
-------------------------+-------+-------+-------++-------
Melee: Hand axe          |     9 |    14 |    25 ||    48
       Headbutt          |     2 |     3 |     3 ||     8
       Punch             |     1 |       |     1 ||     2
Invok: Berserk           |     2 |     3 |     1 ||     6
  Use: Scroll            |       |       |     1 ||     1
Armor: Leather armour    |       |       |     1 ||     1
Dodge: Dodged            |     1 |     3 |     7 ||    11
